 Dungeon Crawl Stone Soup version 0.28.0-45-g0d030f2227 (console) character file.

Game seed: 17135194472550759134

440 Banquo the Magician (level 7, -4/52 HPs)
             Began as a Djinni Cinder Acolyte on Apr 3, 2022.
             Was a High Priest of Ignis.
             Slain by a wight
             ... wielding a +5 halberd of freezing
              (15 damage)
             ... on level 4 of the Dungeon.
             The game lasted 00:12:35 (5066 turns).

Banquo the Magician (Djinni Cinder Acolyte)         Turns: 5066, Time: 00:12:35

Health: -4/52      AC:  3    Str: 13    XL:     7   Next: 22%
Gold:   257        EV: 11    Int: 18    God:    Ignis [*****.] SH:  0 Dex:  8

rFire   + + +      SeeInvis .   a - +0 short sword (flame)
rCold   x . .      Faith    .   (no shield)
rNeg    . . .      Spirit   .   b - +0 robe
rPois   ∞          Reflect  .   (no helmet)
rElec   .          Harm     .   (no cloak)
rCorr   +          Rampage  .   j - +0 pair of gloves
Will    .....                   (boots unavailable)
Stlth   +.........              (no amulet)
HPRegen 0.17/turn               t - ring of resist corrosion
MPRegen 0.00/turn               (no ring)

@: flying
A: sickness immunity, fire resistance 2, cold vulnerability 1, float, innate
caster, HP casting, extra vitality 1
a: Renounce Religion, Fiery Armour, Foxfire Swarm, Rising Flame


You were on level 4 of the Dungeon.
You worshipped Ignis.
Ignis was extremely pleased with you.
You visited 1 branch of the dungeon, and saw 4 of its levels.

You collected 257 gold pieces.

Inventory:

Hand Weapons
 a - a +0 short sword of flaming (weapon)
 g - a +0 dagger
 h - a +2 dagger of speed
 i - a -1 short sword of flaming
 l - a +0 spear
 o - a +0 trident
 w - a +5 dagger
Missiles
 f - 125 stones
 q - 4 poisoned darts
Armour
 b - a +0 robe (worn)
 j - a +0 pair of gloves (worn)
Jewellery
 t - a ring of resist corrosion (left hand)
Wands
 u - a wand of iceblast (13)
Scrolls
 e - 3 scrolls of brand weapon
 k - a scroll of identify {unknown}
 m - a scroll of magic mapping {unknown}
 p - a scroll of vulnerability {unknown}
 s - a scroll of fear {unknown}
Potions
 c - 2 potions of heal wounds {unknown}
 d - a potion of attraction {unknown}
 n - a potion of brilliance {unknown}
 r - a potion of cancellation {unknown}
 v - a potion of might {unknown}


   Skills:
 * Level 4.0 Fighting
 * Level 3.4 Short Blades
 * Level 1.0 Dodging
 * Level 5.1 Spellcasting


You had 8 spell levels left.
You knew the following spells:

 Your Spells              Type           Power      Damage    Failure   Level
a - Summon Small Mammal   Summ           88%        N/A       1%          1
b - Passwall              Tmut/Erth      18%        N/A       2%          2
c - Lesser Beckoning      Tloc           22%        N/A       4%          3
z - Scorch                Fire           44%        2d7       2%          2
Your spell library was empty.

Dungeon Overview and Level Annotations

Branches:
Dungeon (4/15)
 Temple: D:4-7

Altars:

Annotations:
D:2 vault


Innate Abilities, Weirdness & Mutations

You are immune to sickness and miasma.
You are immune to poison.
Your flesh is very heat resistant. (rF++)
You are vulnerable to cold. (rC-)
You float through the air rather than walking.
You learn spells naturally, not from books.
Your magical power is your life essence.
You have superior vitality. (+4 MHP)


Message History

* * * LOW HITPOINT WARNING * * *
Your Fighting skill increases to level 4!
You have reached level 7!
The power to cast Lesser Beckoning wells up from within.
Spell assigned to 'c'.
You start resting.
A wight comes into view. It is wielding a +0 dagger.
You now have 257 gold pieces (gained 21).
Items here: )) [[.
w - a +5 dagger
f - 125 stones (gained 1)
You see here a +0 dagger.
Things that are here:
a +0 robe; a +0 dagger; a +0 robe
Casting: Scorch (safe; 2% risk of failure)
Confirm with . or Enter, or press ? or * to list all spells.
Flames lash the wight.
The wight is severely damaged.
The wight's fire resistance burns away.
Casting: Scorch (safe; 2% risk of failure)
Confirm with . or Enter, or press ? or * to list all spells.
Flames lash the wight.
The wight is burned terribly!
You destroy the wight!
Your Dodging skill increases to level 1!
Your Spellcasting skill increases to level 5!
A wight comes into view.
It is wielding a +5 halberd of freezing.
Things that are here:
a +0 dagger; a +0 robe
Casting: Scorch (safe; 2% risk of failure)
Confirm with . or Enter, or press ? or * to list all spells.
Flames lash the wight but do no damage.
Casting: Scorch (safe; 2% risk of failure)
Confirm with . or Enter, or press ? or * to list all spells.
Flames lash the wight.
The wight is moderately damaged.
The wight's fire resistance burns away.
The wight hits you from afar with a +5 halberd of freezing!!
* * * LOW HITPOINT WARNING * * *
The wight freezes you!
You die...

#######
#.....# ####
#.....#######
...#
#......@.[).#
##.#
#....z#####.#
#.# #.....#
#.# #.###
#.#.#.#
#........
#...# #.>...#
######z##
###.# ###.###
#.# #.#
####.#### #.#
........# #.#


You could see a wight (combustible).

Vanquished Creatures
  Menkaure (D:4)
  3 wights (D:4)
  A bullfrog skeleton (D:3)
  6 gnolls
  2 adders
  A dart slug (D:1)
  5 orcs (D:3)
  7 ball pythons
  5 bats
  5 endoplasms
  10 hobgoblins
  2 jackals (D:3)
  7 kobolds
  4 quokkas
  4 frilled lizards
  13 goblins
  4 rats
80 creatures vanquished.

Vanquished Creatures (others)
  8 plants (D:2)
8 creatures vanquished.

Grand Total: 88 creatures vanquished

Notes
Turn   | Place    | Note
-------+----------+-------------------------------------------
     0 | D:1      | Banquo the Djinni Cinder Acolyte began the quest for the
                  | Orb.
     0 | D:1      | Reached XP level 1. HP: 20/20 MP: 0/0
   490 | D:1      | Reached XP level 2. HP: 21/25 MP: 0/0
  1625 | D:2      | Reached XP level 3. HP: 28/30 MP: 0/0
  1625 | D:2      | Learned a level 1 spell: Summon Small Mammal
  2218 | D:2      | Reached skill level 3 in Spellcasting
  2223 | D:2      | Reached XP level 4. HP: 24/35 MP: 0/0
  2399 | D:2      | Found a faded altar of an unknown god.
  2608 | D:3      | Reached XP level 5. HP: 17/40 MP: 0/0
  2608 | D:3      | Learned a level 2 spell: Passwall
  3614 | D:3      | Reached skill level 4 in Spellcasting
  4535 | D:4      | Reached XP level 6. HP: 45/47 MP: 0/0
  4603 | D:4      | Noticed Menkaure
  4613 | D:4      | Killed Menkaure
  4918 | D:4      | Reached XP level 7. HP: 12/52 MP: 0/0
  4918 | D:4      | Learned a level 3 spell: Lesser Beckoning
  5063 | D:4      | Reached skill level 1 in Dodging
  5063 | D:4      | Reached skill level 5 in Spellcasting
  5066 | D:4      | Slain by a wight

Illustrated notes

Levels and vault maps discovered:
D:1:      scummos_arrival_star, layout_loops_cross,
          chequers_serial_rivers_small_b, minmay_misc_feat_diagonals
D:2:      layout_loops_ring, chequers_ecumenical_altar_lobes, chequers_garden,
          lightli_corner_chamber
D:3:      cheibrodos_greedy_goblins, layout_basic
D:4:      layout_loops_corners, minmay_temple_entry_enclosed_plants,
          uniq_menkaure

Skill      XL: |  1  2  3  4  5  6  7 |
---------------+----------------------+-----
Short Blades   | 3 |  3.4
Spellcasting   | 3 4 5 |  5.1
Fighting       | 4 |  4.0
Dodging        | 1 |  1.0

Action                   |  1- 3 |  4- 6 |  7- 9 || total
-------------------------+-------+-------+-------++-------
Melee: Short sword       |    20 |     1 |       ||    21
 Cast: Scorch            |    27 |    79 |     4 ||   110
       Summon Small Mamm |     2 |     6 |       ||     8
  Use: Scroll            |       |     2 |       ||     2
Armor: Robe              |     6 |     4 |       ||    10
Dodge: Dodged            |     9 |    13 |       ||    22
